 Dungeon Crawl Stone Soup version 0.20-a0-893-g832831a (webtiles) character file.

67 FrankyJ the Covert (level 4, 0/30 HPs)
             Began as a Vampire Enchanter on Mar 17, 2017.
             Slain by an adder (3 damage)
             ... on level 1 of the Dungeon.
             The game lasted 00:02:56 (761 turns).

FrankyJ the Covert (Vampire Enchanter)               Turns: 761, Time: 00:02:57

Health: 0/30       AC:  3    Str:  7    XL:     4   Next: 0%
Magic:  1/13       EV: 12    Int: 18    God:
Gold:   60         SH:  0    Dex: 14    Spells: 14/17 levels left

rFire    . . .     SeeInvis +   a - +1 dagger
rCold    . . .     Gourm    .   b - +0 robe
rNeg     + . .     Faith    .   (no shield)
rPois    .         Spirit   .   (no helmet)
rElec    .         Reflect  .   (no cloak)
rCorr    .         Harm     .   (no gloves)
MR       .....                  f - +0 pair of boots
Stlth    +++++.....             (no amulet)
Regen    0.1/turn               (no ring)
MPRegen  0.2/turn               (no ring)

@: lethally poisoned (0 -> -2), very slightly contaminated, hasted, very quick
A: fangs 3, see invisible, unbreathing
a: Bat Form


You were on level 1 of the Dungeon.
You were not thirsty.

You visited 1 branch of the dungeon, and saw 2 of its levels.

You collected 60 gold pieces.

Inventory:

Hand Weapons
 a - a +1 dagger (weapon)
Armour
 b - a +0 robe (worn)
 f - a +0 pair of boots (worn)
Scrolls
 g - a scroll of teleportation {unknown}
 h - a scroll of enchant weapon {unknown}
 i - a scroll of identify {unknown}
 j - 4 scrolls of remove curse {unknown}
 m - a scroll of amnesia {unknown}
 n - a scroll of enchant armour {unknown}
Potions
 d - 5 potions of blood
 k - a potion of experience
 o - a potion of heal wounds {unknown}
Books
 c - a book of Maledictions

   Spells                             Type                      Level
   a - Corona                         Hexes                        1
   b - Ensorcelled Hibernation        Hexes/Ice                    2
   c - Confuse                        Hexes                        3
   d - Tukima's Dance                 Hexes                        3
   e - Dazzling Spray                 Conjuration/Hexes            3


   Skills:
 - Level 1.1 Short Blades
 - Level 2.1 Dodging
 + Level 12.3 Stealth
 + Level 7.2 Spellcasting
 - Level 5.0 Hexes


You had 14 spell levels left.
You knew the following spells:

 Your Spells              Type           Power        Failure   Level  Hunger
a - Corona                Hex            ###....      1%          1    None
b - Ensorcelled Hibernat  Hex/Ice        ###...       8%          2    None


Dungeon Overview and Level Annotations

Branches:
Dungeon (2/15)

Altars:


Innate Abilities, Weirdness & Mutations

You have razor-sharp teeth.
You have supernaturally acute eyesight. (SInv)
You can survive without breathing.


Message History

You hit the adder.
The adder is severely wounded.
* * * LOW HITPOINT WARNING * * *
You feel sick. The adder closely misses you.
It was a potion of haste.
You feel yourself speed up. The adder closely misses you.
Okay, then.
Use e to drain blood from corpses.
Unknown command.
You barely miss the adder.
The adder is severely wounded.
The adder barely misses you.
You miss the adder.
The adder is severely wounded.
The adder bites you but does no damage.
You closely miss the adder.
The adder is severely wounded.
* * * LOW HITPOINT WARNING * * *
You feel sick. The adder bites you.
You die...

..'.# #.......# #.# ..#.#
#.######## #.# ..#.#
#.#.....(#######.# ..#.#
#.#..............# ###.#
#.#.####.######### ###.#
#.#####..........# ....#
#............###.#
#############################.##
.............(..@S..(..........#
################################


You could see an adder.

Vanquished Creatures
  A gnoll (D:1)
  An adder (D:1)
  A giant cockroach (D:1)
  A goblin (D:1)
  A bat (D:1)
  2 frilled lizards (D:1)
  4 kobolds (D:1)
  2 rats (D:1)
13 creatures vanquished.

Notes
Turn   | Place    | Note
-------+----------+-------------------------------------------
     0 | D:1      | FrankyJ the Vampire Enchanter began the quest for the Orb.
     0 | D:1      | Reached XP level 1. HP: 13/13 MP: 3/3
    90 | D:1      | Reached skill level 5 in Hexes
    90 | D:1      | Reached XP level 2. HP: 19/19 MP: 5/5
   304 | D:1      | Learned a level 2 spell: Ensorcelled Hibernation
   575 | D:1      | Reached skill level 5 in Stealth
   740 | D:1      | Reached XP level 3. HP: 22/24 MP: 3/6
   744 | D:1      | Reached skill level 12 in Stealth
   744 | D:1      | Reached XP level 4. HP: 17/30 MP: 0/13
   761 | D:1      | Slain by an adder

Vault maps used:
D:1:      ncdulo_wetmaze, minmay_misc_feat_x
D:2:      minmay_roachtagon, minmay_pentomino_p4

Skill      XL: |  1  2  3 |
---------------+----------+-----
Hexes          | 5 |  5.0
Stealth        | 5 12 | 12.3
Spellcasting   | 7 |  7.2
Short Blades   | |  1.1
Dodging        | |  2.1

Action                   |  1- 3 |  4- 6 || total
-------------------------+-------+-------++-------
Melee: Dagger            |    26 |    13 ||    39
       Bite              |     2 |       ||     2
 Cast: Ensorcelled Hiber |     4 |       ||     4
       Corona            |     4 |     1 ||     5
  Use: Potion            |     1 |     2 ||     3
 Stab: Sleeping          |     9 |       ||     9
Armor: Robe              |     9 |     5 ||    14
Dodge: Dodged            |    18 |     9 ||    27
